 Dungeon Crawl Stone Soup version 0.31-a0-236-g9a0961fb85 (webtiles) character file.

Game seed: 15405507173591551270

373 pascalblue the Digger (level 6, -7/32 HPs)
             Began as a Deep Elf Earth Elementalist on July 10, 2023.
             Was a Follower of Vehumet.
             Mangled by an ogre
             ... wielding a +0 giant club
              (24 damage)
             ... on level 5 of the Dungeon.
             The game lasted 00:13:30 (4104 turns).

pascalblue the Digger (Deep Elf Earth Elementalist) Turns: 4104, Time: 00:13:31

Health: -7/32      AC:  5    Str:  5    XL:     6   Next: 43%
Magic:  13/15      EV: 27    Int: 22    God:    Vehumet [*.....]
Gold:   242        SH:  0    Dex: 15    Spells: 3/15 levels left

rFire   + + +        v - +6 hand axe of Evil {freeze, rF+++}
rCold   . . .        (no shield)
rNeg    . . .        a - +0 robe
rPois   .            z - +1 helmet
rElec   .            f - scarf {+Inv}
rCorr   .            e - +0 pair of gloves
SInv    .            (no boots)
Will    +....        c - amulet of the acrobat
Stlth   ++           n - ring of wizardry
HPRegen 0.25/turn    u - ring of willpower
MPRegen 0.14/turn

%: acrobat, wizardry (x1)
@: acrobatic, on blink cooldown
A: no striking features
a: Renounce Religion, Evoke Invisibility


You were on level 5 of the Dungeon.
You worshipped Vehumet.
Vehumet was aware of your devotion.
You visited 1 branch of the dungeon, and saw 5 of its levels.

You collected 242 gold pieces.

Inventory:

Hand Weapons
 g - a +0 dagger of protection
 m - a +1 vampiric dagger
 v - the +6 hand axe of Evil (weapon) {freeze, rF+++}
   (You found it on level 3 of the Dungeon)

   rF:        It renders you almost immune to fire.
 w - a +4 quarterstaff of chaos
Missiles
 k - 19 stones
 t - a throwing net
Armour
 a - a +0 robe (worn)
 e - a +0 pair of gloves (worn)
 f - a scarf of invisibility (worn)
 x - a +0 cloak
 z - a +1 helmet (worn)
Jewellery
 c - an amulet of the acrobat (around neck)
 n - a ring of wizardry (left hand)
 p - an amulet of regeneration
 u - a ring of willpower (right hand)
Wands
 r - a wand of flame (3)
Scrolls
 s - a scroll of teleportation
Potions
 b - a potion of magic
 d - 2 potions of might
 h - a potion of berserk rage
 i - a potion of curing
 j - a potion of resistance
 l - 2 potions of attraction
 o - a potion of enlightenment
 q - a potion of heal wounds


   Skills:
 - Level 2.4 Dodging
 - Level 2.4 Stealth
 + Level 5.0 Spellcasting
 + Level 0.8 Conjurations
 + Level 0.9 Hexes
 - Level 1.1 Transmutations
 + Level 0.6 Ice Magic
 * Level 6.1 Earth Magic
 + Level 3.0 Evocations


You had 3 spell levels left.
You knew the following spells:

 Your Spells              Type           Power      Damage    Failure   Level
a - Sandblast             Erth           64%        2d14      1%          1
b - Stone Arrow           Conj/Erth      42%        3d9       2%          3
c - Freeze                Ice            32%        1d5       3%          1
d - Tukima's Dance        Hex            9%         N/A       9%          3
e - Blink                 Tloc           10%        N/A       6%          2
f - Passwall              Tmut/Erth      17%        N/A       1%          2

Your spell library contained the following spells:

 Spells                   Type           Power      Damage    Failure   Level
 Sting                    Tmut/Pois      28%        1d4       3%          1
 Portal Projectile        Hex/Tloc       14%        N/A       11%         3
 Petrify                  Tmut/Erth      21%        N/A       9%          4
 Manifold Assault         Tloc           5%         N/A       36%         4
 Blade Hands              Tmut           5%         N/A       54%         5
 Storm Form               Tmut/Air       3%         N/A       100%        7


Dungeon Overview and Level Annotations

Branches:
Dungeon (5/15)
 Temple: D:4-7

Altars:
Fedhas
Kikubaaqudgha
Sif Muna
Vehumet
Zin

Shops:
D:1 [   D:2 =?


Message History

Confirm with . or Enter, or press ? or * to list all spells.
You are still too unstable to blink.
As you read the scroll of teleportation, it crumbles to dust.
You feel strangely unstable.
The orc throws a boomerang.
The boomerang closely misses you.
The orc priest attacks as you move away!
The orc priest completely misses you. The orc attacks as you move away!
The orc closely misses you. The orc attacks as you move away!
The orc misses you.
Your surroundings suddenly seem different.
A sleepcap comes into view.
Found a scroll labelled HUITHR YS ATEU.
You feel stable enough to blink again.
An iguana comes into view.
Found a scroll labelled KOEWIV MAWKAIL.
Found 15 gold pieces.
You see here a scroll labelled KOEWIV MAWKAIL.
Found a viscous coppery potion.
A sleepcap comes into view.
A white imp comes into view.
The white imp shouts!
A quokka comes into view.
The sleepcap misses you.
As you read the scroll of teleportation, it crumbles to dust.
You feel strangely unstable. The sleepcap releases spores at you.
The orc priest shouts!
You hit the orc. You freeze the orc.
The orc is moderately wounded.
You hit the sleepcap but do no damage. The orc hits you with a +0 dagger.
The sleepcap completely misses you.
Casting: Blink (safe; 6% risk of failure)
Confirm with . or Enter, or press ? or * to list all spells.
You blink.
An adder comes into view.
Found a runed spear.
Your surroundings suddenly seem different.
The ogre attacks as you move away!
The ogre hits you with a +0 giant club!!
Ouch! That really hurt!
You die...

#.........#.o...#.[....
#.........##...##......
#.........#.....#...... .
.......#...............#..
..##..###..#.......#..##.#
. ##. #.###.....###..#.#
## #.....###......<<#
#.##.#..##.#.#.## #.
#....@......#
#......O##.#.###
#..#...#...#.###
#.....###......# #.#.##
##.....### #
#.##.###......#....
#.....#.#.....#.#.# #
####.#.##.....#.#.##.
#.##########.#...


You could see an ogre.

Vanquished Creatures
  Sigmund (D:2)
  A hound (D:4)
  Crazy Yiuf (D:3)
  6 adders
  An ufetubus (D:5)
  3 worms
  2 dart slugs (D:1)
  7 orcs
  7 ball pythons
  7 endoplasms
  5 giant cockroaches
  5 goblins
  6 hobgoblins
  4 quokkas
  7 bats
  A frilled lizard (D:1)
  4 kobolds
  A rat (D:1)
69 creatures vanquished.

Notes
Turn   | Place    | Note
-------+----------+-------------------------------------------
     0 | D:1      | pascalblue the Deep Elf Earth Elementalist began the quest
                  | for the Orb.
     0 | D:1      | Reached XP level 1. HP: 10/10 MP: 6/6
   167 | D:1      | Reached XP level 2. HP: 15/15 MP: 6/8
   195 | D:1      | Found Amush's Antique Armour Shop.
   242 | D:1      | Reached skill level 4 in Earth Magic
   895 | D:2      | Reached XP level 3. HP: 19/19 MP: 6/9
   973 | D:2      | Found a radiant altar of Vehumet.
   981 | D:2      | Became a worshipper of Vehumet
  1068 | D:2      | Found Zeedaihi's Jewellery Emporium.
  1327 | D:2      | Identified the +8 flail of Beogh's Pride {distort, Str+5}
  1362 | D:2      | Noticed Sigmund
  1371 | D:2      | Learned a level 3 spell: Stone Arrow
  1418 | D:2      | Killed Sigmund
  1419 | D:2      | Reached skill level 5 in Earth Magic
  1419 | D:2      | Reached XP level 4. HP: 23/24 MP: 1/12
  1419 | D:2      | Reached XP level 5. HP: 26/28 MP: 1/13
  1866 | D:2      | Found Funwyfe's Magic Scroll Emporium.
  2069 | D:3      | Reached * piety under Vehumet
  2069 | D:3      | Offered knowledge of Freeze by Vehumet.
  2075 | D:3      | Learned a level 1 spell: Freeze
  2116 | D:3      | Found a glowing silver altar of Zin.
  2241 | D:3      | Reached XP level 6. HP: 32/32 MP: 13/15
  2291 | D:3      | Learned a level 3 spell: Tukima's Dance
  2365 | D:3      | Identified the +6 hand axe of Evil {freeze, rF+++}
  2465 | D:3      | Found a runed translucent door.
  2466 | D:3      | Noticed Crazy Yiuf
  2492 | D:3      | Killed Crazy Yiuf
  2493 | D:3      | Reached skill level 6 in Earth Magic
  2999 | D:4      | Reached skill level 5 in Spellcasting
  3219 | D:4      | Found a blossoming altar of Fedhas.
  3950 | D:4      | Found a radiant altar of Vehumet.
  3952 | D:4      | Found an ancient bone altar of Kikubaaqudgha.
  3953 | D:4      | Found a shimmering blue altar of Sif Muna.
  3960 | D:4      | Got Sif Muna's Codex of Transformation
  3964 | D:4      | Learned a level 2 spell: Blink
  3968 | D:4      | Learned a level 2 spell: Passwall
  3994 | D:5      | Entered Level 5 of the Dungeon
  4104 | D:5      | Mangled by an ogre

Illustrated notes

Levels and vault maps discovered:
D:1:      lightli_arrival_quake, layout_basic, serial_shops,
          nicolae_shop_window_shopping, minmay_tiny_reverse_x
D:2:      layout_loops_corners, serial_shops, shop, nicolae_lakefront_shop,
          basic_altar, uniq_sigmund
D:3:      layout_loops_ring, nicolae_overflow_crystal_walls,
          uniq_crazy_yiuf_cottage
D:4:      layout_layer_cave, grunt_temple_overflow_magic_moments,
          fedhas_altar_fruit_tree
D:5:      nicolae_cairo_tiling_large_dashed, layout_loops_cross,
          gammafunk_ghost_necromancy, st_stairs_2, cheibrodos_gnoll_hut

Skill      XL: |  1  2  3  4  5  6 |
---------------+-------------------+-----
Earth Magic    | 4 5 6 |  6.1
Spellcasting   | 4 5 |  5.0
Evocations     | 2 3 |  3.0
Dodging        | |  2.4
Stealth        | |  2.4
Conjurations   | |  0.8
Hexes          | |  0.9
Transmutations | |  1.1
Ice Magic      | |  0.6

Action                     |  1- 3 |  4- 6 || total
---------------------------+-------+-------++-------
  Melee: Unarmed           |     2 |       ||     2
         Dagger            |     1 |       ||     1
         Hand axe          |       |     2 ||     2
   Cast: Sandblast         |    40 |    49 ||    89
         Stone Arrow       |     3 |     2 ||     5
         Blink             |       |     2 ||     2
    Use: Scroll            |     6 |     7 ||    13
 Armour: Robe              |     3 |     3 ||     6
  Dodge: Dodged            |    10 |    18 ||    28

Table legend: (Time is in decaauts)
 A = Elapsed time spent in this place.
 B = Non-inter-level travel time spent in this place.
 C = Inter-level travel time spent in this place.
 D = Time resting spent in this place.
 E = Time spent auto-exploring this place.
 F = Levels seen in this place.
 G = Mean time per level.
                   A        B        C        D        E       F      G
               +--------+--------+--------+--------+--------+-----+--------+
         Total |   4145 |   4075 |     70 |      4 |   3489 |   5 |  829.0 |
       Dungeon |   4145 |   4075 |     70 |      4 |   3489 |   5 |  829.0 |
               +--------+--------+--------+--------+--------+-----+--------+

Top non-repeatable levels by time:
     D:4: 1197 daAuts
     D:2: 1030 daAuts
     D:3: 924 daAuts
     D:1: 881 daAuts
     D:5: 111 daAuts
